Map: Ruines de Seras

Players

Rekin

  • Race: Zerg Zerg
  • League: Gold

Wolf

  • Race: Zerg Zerg
  • League: Platinum

fahirn - Winner!

  • Race: Zerg Zerg
  • League: Gold

Azzran - Winner!

  • Race: Zerg Zerg
  • League: Platinum

VOD

Have the link to the VOD?

Description

Time

  • Played on: March 9, 2016, 3:30 p.m.
  • Length: 5:43
Show
View Real Time Build Order
Export as new Build Order

Rekin Zerg 

Build Orders: Pool First 

Get SALT Encoding   

  12  0:01  Drone  
  13  0:12  Overlord  
  13  0:20  Drone  
  14  0:31  Drone x2  
  16  0:42  Extractor  
  16  0:44  Drone  
  16  0:49  Spawning Pool  
  15  0:53  Drone  
  16  0:59  Drone  
  17  1:08  Drone  
  18  1:18  Drone  
  19  1:30  Overlord  
  19  1:47  Metabolic Boost  
  19  1:48  Hatchery  
  19  1:51  Drone  
  19  1:58  Drone  
  19  2:01  Drone  
  21  2:23  Drone x2  
  23  2:31  Queen  
  23  2:36  Zergling x2  
  26  2:44  Zergling x2  
  27  2:55  Zergling x2  
  28  3:01  Zergling x2  
  28  3:02  Queen  
  31  3:07  Zergling x2  
  31  3:12  Zergling x2  
  31  3:24  Zergling x4  
  27  3:28  Zergling x2  
  27  3:33  Zergling x2  
  29  3:37  Zergling x2  
  29  3:41  Zergling x6  
  29  3:42  Zergling x2  
  31  3:52  Zergling x2  
  31  3:55  Zergling x2  
  32  4:04  Baneling Nest  
  28  4:13  Zergling x2  
  27  4:20  Zergling x4  
  27  4:21  Zergling x2  
  24  4:26  Zergling x2  
  24  4:27  Zergling x2  
  26  4:33  Queen  
  26  4:37  Overlord x2  
  28  4:50  Zergling x6  
  28  4:51  Overlord x2  
  28  4:56  Zergling x2  
  23  5:00  Zergling x4  
  25  5:08  Zergling x2  
  25  5:10  Zergling x2  
  25  5:11  Zergling x2  
  25  5:14  Zergling x2  
  28  5:19  Zergling x2  
  29  5:22  Zergling x2  
  29  5:25  Zergling x2  
Show
View Real Time Build Order
Export as new Build Order

Wolf Zerg 

Build Orders: Hatch First 

Get SALT Encoding   

  12  0:01  Drone  
  13  0:12  Overlord  
  13  0:18  Drone  
  14  0:31  Drone x2  
  14  0:34  Drone  
  17  0:54  Hatchery  
  16  0:57  Drone  
  16  1:01  Extractor  
  16  1:02  Drone  
  17  1:18  Spawning Pool  
  16  1:20  Drone  
  17  1:26  Drone  
  17  1:28  Drone  
  19  1:45  Overlord  
  19  2:04  Queen  
  19  2:06  Zergling x4  
  19  2:08  Queen  
  25  2:10  Metabolic Boost  
  25  2:14  Zergling x2  
  26  2:20  Zergling x2  
  26  2:21  Zergling x2  
  28  2:24  Zergling x2  
  29  2:32  Baneling Nest  
  29  2:35  Zergling x2  
  29  2:41  Zergling x2  
  30  2:47  Zergling x2  
  30  2:49  Overlord  
  31  2:53  Zergling x2  
  31  2:57  Zergling x2  
  33  3:00  Zergling x2  
  34  3:06  Zergling x2  
  35  3:20  Zergling x2  
  35  3:21  Zergling x8  
  35  3:27  Zergling x2  
  39  3:29  Baneling x2  
  39  3:31  Baneling  
  39  3:33  Baneling  
  38  3:36  Zergling x2  
  37  3:44  Zergling x4  
  38  3:52  Zergling x4  
  38  3:58  Overlord  
  38  4:01  Drone  
  38  4:11  Zergling x4  
  38  4:12  Zergling x2  
  38  4:15  Zergling x2  
  39  4:21  Zergling x2  
  34  4:38  Zergling x10  
  39  4:43  Zergling x2  
  39  4:44  Zergling x2  
  41  4:51  Zergling x4  
  39  4:53  Zergling x2  
  39  4:58  Zergling x2  
  37  5:20  Roach Warren, Zergling x8  
Show
View Real Time Build Order
Export as new Build Order

fahirn Zerg - Winner!

Build Orders:  

Get SALT Encoding   

Show
View Real Time Build Order
Export as new Build Order

Azzran Zerg - Winner!

Build Orders:  

Get SALT Encoding   

Tags
 
Add a new tag
Caveats
  • Supply blocks, unpowered buildings, or Contaminate may cause inaccurate times.
  • Supply counts are checked every 10 seconds.